 Dungeon Crawl Stone Soup version 0.28.0-43-g3370ac3207 (webtiles) character file.

Game seed: 2752266082616404671

102 Ablot the Grasshopper (level 4, -2/38 HPs)
             Began as a Gnoll Warper on Mar 12, 2022.
             Slain by Terence
             ... wielding a +2 vorpal flail
              (7 damage)
             ... on level 2 of the Dungeon.
             The game lasted 00:02:13 (2734 turns).

Ablot the Grasshopper (Gnoll Warper)                Turns: 2734, Time: 00:02:14

Health: -2/38      AC:  3    Str: 12    XL:     4   Next: 77%
Magic:  9/11       EV: 12    Int: 13    God:
Gold:   74         SH:  0    Dex: 11    Spells: 11/13 levels left

rFire   . . .      SeeInvis .   a - +1 spear (vorpal)
rCold   . . .      Faith    .   (no shield)
rNeg    . . .      Spirit   .   b - +0 leather armour
rPois   .          Reflect  .   (no helmet)
rElec   .          Harm     .   (no cloak)
rCorr   +          Rampage  .   (no gloves)
Will    .....                   (no boots)
Stlth   +.........              (no amulet)
HPRegen 0.12/turn               s - ring of resist corrosion
MPRegen 0.12/turn               (no ring)

@: on blink cooldown
A: fangs 1, strong nose, distributed training
a: no special abilities


You were on level 2 of the Dungeon.
You visited 1 branch of the dungeon, and saw 2 of its levels.

You collected 74 gold pieces.

Inventory:

Hand Weapons
 a - a +1 vorpal spear (weapon)
 f - a +0 hunting sling
Missiles
 d - 5 boomerangs of dispersal
 l - 28 bolts
 q - 44 stones
 r - 2 poisoned darts (quivered)
 t - 15 sling bullets
Armour
 b - a +0 leather armour (worn)
 g - an orb of light
Magical Staves
 p - a staff of death
Jewellery
 s - a ring of resist corrosion (left hand)
Scrolls
 c - 2 scrolls of blinking
 e - a scroll of enchant weapon {unknown}
 h - a scroll of amnesia {unknown}
 i - a scroll of noise {unknown}
 j - 3 scrolls of identify {unknown}
 k - 3 scrolls of enchant armour {unknown}
 n - a scroll of fear {unknown}
Potions
 m - a potion of flight {unknown}
 o - a potion of attraction {unknown}


   Skills:
 + Level 4.7 Fighting
 + Level 1.2 Short Blades
 + Level 1.2 Long Blades
 + Level 1.2 Axes
 + Level 1.2 Maces & Flails
 + Level 4.7 Polearms
 + Level 1.2 Staves
 + Level 1.2 Slings
 + Level 1.2 Bows
 + Level 1.2 Crossbows
 + Level 2.8 Throwing
 + Level 2.8 Armour
 + Level 4.7 Dodging
 + Level 1.2 Stealth
 + Level 1.2 Shields
 + Level 1.2 Unarmed Combat
 + Level 5.1 Spellcasting
 + Level 1.0 Conjurations
 + Level 1.0 Hexes
 + Level 1.0 Summonings
 + Level 1.0 Necromancy
 + Level 5.5 Translocations
 + Level 1.0 Transmutations
 + Level 1.0 Fire Magic
 + Level 1.0 Ice Magic
 + Level 1.0 Air Magic
 + Level 1.0 Earth Magic
 + Level 1.0 Poison Magic
 + Level 1.3 Invocations
 + Level 1.2 Evocations


You had 11 spell levels left.
You knew the following spells:

 Your Spells              Type           Power      Damage    Failure   Level
a - Blink                 Tloc           34%        N/A       3%          2

Your spell library contained the following spells:

 Spells                   Type           Power      Damage    Failure   Level
 Gell's Gravitas          Tloc           17%        N/A       8%          3
 Lesser Beckoning         Tloc           17%        N/A       8%          3
 Teleport Other           Tloc           17%        N/A       8%          3
 Manifold Assault         Tloc           17%        N/A       56%         5


Dungeon Overview and Level Annotations

Branches:
Dungeon (2/15)

Altars:

Shops:
D:1 [

Annotations:
D:2 Terence


Innate Abilities, Weirdness & Mutations

You have very sharp teeth.
Your uncanny sense of smell can sniff out nearby items.
Your experience applies equally to all skills.


Message History

You start resting.
HP restored.
There is an open door here.
You open the door.
There is an open door here.
There is a stone staircase leading up here.
You open the door.
Terence the Incautious comes into view.
He is wielding a +2 vorpal flail.
Terence shouts!
There is an open door here.
You completely miss Terence. You hit Terence. You bite Terence.
Terence is moderately wounded.
Terence hits you with a +2 vorpal flail!
You hit Terence.
Terence is heavily wounded.
Terence barely misses you.
You closely miss Terence.
Terence is heavily wounded.
Terence barely misses you.
You closely miss Terence.
Terence is heavily wounded.
Terence hits you with a +2 vorpal flail!
You barely miss Terence. You bite Terence, but do no damage.
Terence is heavily wounded.
Terence hits you with a +2 vorpal flail!
* * * LOW HITPOINT WARNING * * *
x2
Casting: Blink (safe; 3% risk of failure)
Confirm with . or Enter, or press ? or * to list all spells.
You blink.
Terence says, "You're history."
Reach: a) +1 spear (vorpal)
Press: ? - help, Dir - move target, f - Terence
Aim: Terence, wielding a +2 vorpal flail and wearing a +0 chain mail (moderately wounded, about 29% to evade your +1 vorpal spear)
You reach to attack!
You hit Terence but do no damage.
Terence is moderately wounded.
Unknown command.
You open the door.
Terence hits you with a +2 vorpal flail!
You die...

#########
#........
#.#######
#.#......
#.#.#####
####
#.#.#####
...
#.#......
###'####
#.######.
#.@....#
#.# #.
#.@....#
#.######.
#......#
#.##.....
#......#
#.##.....
#......#
#..'.....
..#'####
####.....
#.#.#
#####.....
#.#.#
#....#####
#.#.#
#....# ###


You could see Terence.

Vanquished Creatures
  Natasha (twice) (D:2)
  An adder (D:2)
  A dart slug (D:1)
  5 ball pythons
  A bat (D:1)
  6 endoplasms (D:1)
  A giant cockroach (D:1)
  6 goblins
  2 hobgoblins (D:1)
  5 quokkas (D:1)
  A frilled lizard (D:1)
  4 kobolds
  3 rats
38 creatures vanquished.

Notes
Turn   | Place    | Note
-------+----------+-------------------------------------------
     0 | D:1      | Ablot the Gnoll Warper began the quest for the Orb.
     0 | D:1      | Reached XP level 1. HP: 20/20 MP: 6/6
   362 | D:1      | Reached XP level 2. HP: 26/26 MP: 7/7
   365 | D:1      | Learned a level 2 spell: Blink
   690 | D:1      | Found Ytead's Antique Armour Emporium.
   971 | D:1      | Reached XP level 3. HP: 31/31 MP: 9/9
   985 | D:1      | Reached skill level 5 in Spellcasting
  1443 | D:1      | Found a faded altar of an unknown god.
  1470 | D:1      | Reached skill level 1 in Invocations
  2171 | D:2      | Reached skill level 1 in Short Blades
  2171 | D:2      | Reached skill level 1 in Long Blades
  2171 | D:2      | Reached skill level 1 in Axes
  2171 | D:2      | Reached skill level 1 in Maces & Flails
  2171 | D:2      | Reached skill level 1 in Staves
  2171 | D:2      | Reached skill level 1 in Slings
  2171 | D:2      | Reached skill level 1 in Bows
  2171 | D:2      | Reached skill level 1 in Crossbows
  2171 | D:2      | Reached skill level 1 in Stealth
  2171 | D:2      | Reached skill level 1 in Shields
  2171 | D:2      | Reached skill level 1 in Unarmed Combat
  2171 | D:2      | Reached skill level 1 in Evocations
  2187 | D:2      | Noticed Natasha
  2196 | D:2      | Killed Natasha
  2197 | D:2      | Reached XP level 4. HP: 23/38 MP: 11/11
  2532 | D:2      | Noticed Natasha
  2543 | D:2      | Killed Natasha
  2544 | D:2      | Reached skill level 1 in Conjurations
  2544 | D:2      | Reached skill level 1 in Hexes
  2544 | D:2      | Reached skill level 1 in Summonings
  2544 | D:2      | Reached skill level 1 in Necromancy
  2544 | D:2      | Reached skill level 1 in Transmutations
  2544 | D:2      | Reached skill level 1 in Fire Magic
  2544 | D:2      | Reached skill level 1 in Ice Magic
  2544 | D:2      | Reached skill level 1 in Air Magic
  2544 | D:2      | Reached skill level 1 in Earth Magic
  2544 | D:2      | Reached skill level 1 in Poison Magic
  2723 | D:2      | Noticed Terence
  2734 | D:2      | Slain by Terence

Illustrated notes

Levels and vault maps discovered:
D:1:      evilmike_arrival_plus, layout_basic, serial_shops,
          nicolae_shop_crystal, basic_ecumenical_altar, minmay_split_cup_large
D:2:      layout_basic, uniq_natasha, uniq_terence

Skill      XL: |  1  2  3  4 |
---------------+-------------+-----
Spellcasting   | 5 |  5.1
Invocations    | 1 |  1.3
Short Blades   | 1 |  1.2
Long Blades    | 1 |  1.2
Axes           | 1 |  1.2
Maces & Flails | 1 |  1.2
Staves         | 1 |  1.2
Slings         | 1 |  1.2
Bows           | 1 |  1.2
Crossbows      | 1 |  1.2
Stealth        | 1 |  1.2
Shields        | 1 |  1.2
Unarmed Combat | 1 |  1.2
Evocations     | 1 |  1.2
Conjurations   | 1 |  1.0
Hexes          | 1 |  1.0
Summonings     | 1 |  1.0
Necromancy     | 1 |  1.0
Transmutations | 1 |  1.0
Fire Magic     | 1 |  1.0
Ice Magic      | 1 |  1.0
Air Magic      | 1 |  1.0
Earth Magic    | 1 |  1.0
Poison Magic   | 1 |  1.0
Fighting       | |  4.7
Polearms       | |  4.7
Throwing       | |  2.8
Armour         | |  2.8
Dodging        | |  4.7
Translocations | |  5.5

Action                   |  1- 3 |  4- 6 || total
-------------------------+-------+-------++-------
Melee: Spear             |   141 |    18 ||   159
       Bite              |     7 |     4 ||    11
 Cast: Blink             |       |     1 ||     1
 Stab: Sleeping          |     3 |       ||     3
Armor: Leather armour    |    17 |     2 ||    19
Dodge: Dodged            |    61 |     6 ||    67
